 Dungeon Crawl Stone Soup version 0.29-a0-1016-g236c7fd91e (webtiles) character file.

Game seed: 2328131413823144042

11 Sobieck the Trooper (level 2, -2/33 HPs)
             Began as an Ogre Berserker on Aug 9, 2022.
             Was a Follower of Trog.
             Slain by a gnoll
             ... wielding a +0 spear
              (6 damage)
             ... on level 1 of the Dungeon.
             The game lasted 00:00:37 (358 turns).

Sobieck the Trooper (Ogre Berserker)                 Turns: 358, Time: 00:00:37

Health: -2/33      AC:  3    Str: 20    XL:     2   Next: 29%
Magic:  2/2        EV: 10    Int:  8    God:    Trog [*.....]
Gold:   11         SH:  0    Dex:  8    Spells: 1/1 levels left

rFire   . . .      SeeInvis .   a - +0 mace {mace}
rCold   . . .      Faith    .   (no shield)
rNeg    . . .      Spirit   .   b - +0 animal skin
rPois   .          Reflect  .   (helmet restricted)
rElec   .          Harm     .   (no cloak)
rCorr   .          Rampage  .   (gloves unavailable)
Will    .....                   (boots unavailable)
Stlth   +.........              (no amulet)
HPRegen 0.11/turn               (no ring)
MPRegen 0.08/turn               (no ring)

@: on berserk cooldown, slowed, invisible, very slow
A: large, unfitting armour, tough skin 1
a: Renounce Religion, Berserk


You were on level 1 of the Dungeon.
You worshipped Trog.
Trog was aware of your devotion.
You visited 1 branch of the dungeon, and saw 1 of its levels.

You collected 11 gold pieces.


Innate Abilities, Weirdness & Mutations

You are too large for most types of armour.
You have tough skin. (AC +1)


   Skills:
 + Level 4.3 Fighting
 * Level 3.1 Maces & Flails
 - Level 2.6 Dodging


You had one spell level left.
You didn't know any spells.
Your spell library was empty.

Inventory:

Hand Weapons
 a - a +0 mace (weapon) {mace}
Missiles
 e - 5 large rocks {=fthrowing}
Armour
 b - a +0 animal skin (worn)
Potions
 c - a potion of might {unknown}
 d - a potion of invisibility

Dungeon Overview and Level Annotations

Branches:
Dungeon (1/15) Zot: 5628

Altars:

####### .....
#.....# ....
##.##.# ... #
#.##.# ..# .#>
#.##.# ..#....
#.##.####....#
#g##..†....#
#.#####...##
#@# #...# #.#
#...# #.#
#...# #.#
#...# #.#
#...# #.#
..... #.#.#
###### #.#.#
#.#.# ####


You could see a gnoll (unable to see you).


Message History

You sock the dart slug!
You kill the dart slug!
Trog accepts your kill.
No target in view!
You see here a dart slug corpse.
You see here a bat corpse.
There is an open door here.
A bat comes into view.
Danger!
The bat hits you but does no damage. The bat barely misses you.
You hit the bat.
You kill the bat!
Trog accepts your kill.
Your Maces & Flails skill increases to level 3!
No target in view!
No target in view!
No target in view!
You see here a bat corpse.
A jackal comes into view.
The jackal barks!
You hear a shout!
Danger!
A jackal comes into view.
Found a stone staircase leading down.
A rat comes into view.
Unknown command.
You see here a bat corpse.
The jackal barks!
You hear an angry hiss.
Unknown command.
The jackal closely misses you.
You hit the jackal but do no damage. The jackal bites you.
A frilled lizard comes into view.
You hit the jackal. The jackal bites you. The jackal barely misses you.
You hit the jackal. The jackal bites you. The jackal barely misses you.
You hit the jackal but do no damage. The jackal bites you.
The jackal bites you but does no damage.
You are too injured to fight recklessly!
You are too injured to fight recklessly!
You are too injured to fight recklessly!
A red film seems to cover your vision as you go berserk!
You feel yourself moving faster!
You feel mighty! The jackal misses you.
You closely miss the jackal. The jackal barely misses you.
You sock the jackal!
You kill the jackal!
Trog accepts your kill.
You have reached level 2!
You closely miss the jackal. The jackal bites you.
You sock the jackal!
You kill the jackal!
Trog accepts your kill.
You barely miss the rat. The rat bites you but does no damage.
You closely miss the rat. The rat bites you.
You bludgeon the rat!!
You kill the rat!
Trog accepts your kill. The frilled lizard closely misses you.
Things that are here:
a rat corpse; a jackal corpse; a bat corpse You closely miss the frilled lizard.
The frilled lizard bites you.
You hit the frilled lizard.
You kill the frilled lizard!
Trog accepts your kill.
A ball python comes into view.
Danger!
A gnoll comes into view. It is wielding a +0 spear.
You feel a strong urge to attack something.
You are no longer berserk.
You are exhausted.
You feel yourself slow down.
The gnoll shouts!
The ball python hisses angrily.
The ball python barely misses you.
The gnoll moves out of view.
Unknown command.
You barely miss the ball python. The ball python barely misses you. x2
You closely miss the ball python. The ball python completely misses you.
The ball python bites you but does no damage.
The gnoll barely misses you.
Unknown command.
You hit the ball python.
You kill the ball python!
Trog accepts your kill.
A quokka comes into view.
The gnoll hits you from afar with a +0 spear. x2
The gnoll barely misses you.
Things that are here:
a rat corpse; a jackal corpse; a bat corpse The gnoll barely misses you.
Unknown command.
You don't know any spells.
Unknown command.
Unknown command.
It was a potion of invisibility.
You fade into invisibility!
The gnoll hits you from afar with a +0 spear.
The gnoll hits you from afar with a +0 spear.
* * * LOW HITPOINT WARNING * * *
The gnoll barely misses you.
The gnoll hits you from afar with a +0 spear!
* * * LOW HITPOINT WARNING * * *
The gnoll closely misses you.
The gnoll hits you from afar with a +0 spear.
You die...

Skill      XL: |  1 |
---------------+----+-----
Maces & Flails | 3 |  3.1
Fighting       | |  4.3
Dodging        | |  2.6

Action                   || total
-------------------------++-------
Melee: Mace              ||    25
Invok: Berserk           ||     1
  Use: Potion            ||     1
 Stab: Sleeping          ||     2
Armor: Animal skin       ||     6
Dodge: Dodged            ||    21

Levels and vault maps discovered:
D:1:      dpeg_cavernosity, layout_basic

Notes
Turn   | Place    | Note
-------+----------+-------------------------------------------
     0 | D:1      | Sobieck the Ogre Berserker began the quest for the Orb.
     0 | D:1      | Reached XP level 1. HP: 24/24 MP: 1/1
   312 | D:1      | Reached skill level 3 in Maces & Flails
   328 | D:1      | Reached XP level 2. HP: 32/32 MP: 2/2
   354 | D:1      | HP: 4/33 [gnoll/+0 spear (10)]
   358 | D:1      | Slain by a gnoll

Vanquished Creatures
  A dart slug (D:1)
  A ball python (D:1)
  2 jackals (D:1)
  A quokka (D:1)
  3 bats (D:1)
  A frilled lizard (D:1)
  A rat (D:1)
10 creatures vanquished.

Table legend:
 A = Non-vault XP
 B = Vault XP
 C = Vault XP percentage of total XP
 D = Non-vault monster count
 E = Vault monster count
 F = Vault count percentage of total count
                 A         B        C        D         E       F
            +---------+---------+-------+---------+---------+-------
      Total |       9 |       8 |  47.1 |       6 |       4 |  40.0
            +---------+---------+-------+---------+---------+-------
        D:1 |       9 |       8 |  47.1 |       6 |       4 |  40.0
            +---------+---------+-------+---------+---------+-------

Illustrated notes

Table legend:
 A = Kills in this place as a percentage of kills in entire the game.
 B = Kills by you in this place as a percentage of kills by you in the entire game.
 C = Kills by friends in this place as a percentage of kills by friends in the entire game.
 D = Other kills in this place as a percentage of other kills in the entire game.
 E = Experience gained in this place as a percentage of experience gained in the entire game.
 F = Experience gained in this place divided by the number of levels of this place that you have seen.
                   A       B       C       D       E      F
               +-------+-------+-------+-------+-------+----------------------
         Total | 100.0 | 100.0 |   N/A |   N/A | 100.0 |  17.0
       Dungeon | 100.0 | 100.0 |   N/A |   N/A | 100.0 |  17.0
               +-------+-------+-------+-------+-------+----------------------

Table legend: (Time is in decaauts)
 A = Elapsed time spent in this place.
 B = Non-inter-level travel time spent in this place.
 C = Inter-level travel time spent in this place.
 D = Time resting spent in this place.
 E = Time spent auto-exploring this place.
 F = Levels seen in this place.
 G = Mean time per level.
                   A        B        C        D        E       F      G
               +--------+--------+--------+--------+--------+-----+--------+
         Total |    369 |    369 |      0 |      0 |    296 |   1 |  369.0 |
       Dungeon |    369 |    369 |      0 |      0 |    296 |   1 |  369.0 |
               +--------+--------+--------+--------+--------+-----+--------+

Top non-repeatable levels by time:
     D:1: 369 daAuts
